 Dungeon Crawl Stone Soup version 0.31-a0-986-g5e6e4ef867 (webtiles) character file.

Game seed: 17055852169329542544

1575 croobank the Vexing (level 8, -2/53 (61) HPs)
             Began as a Demonspawn Hexslinger on Nov 20, 2023.
             Was an Initiate of Gozag.
             Slain by a wight
             ... wielding a +4 mace of freezing
              (3 damage)
             ... on level 6 of the Dungeon.
             The game lasted 00:14:51 (6138 turns).

croobank the Vexing (Demonspawn Hexslinger)         Turns: 6138, Time: 00:14:52

HP:   -2/53 (61)    AC:  9    Str:  9    XL:     8   Next: 60%
MP:   14/14         EV: 14    Int: 16    God:    Gozag
Gold: 249           SH:  0    Dex: 16    Spells: 13/15 levels left

rFire   . . .        a - +1 dagger (venom)
rCold   . . .        (no shield)
rNeg    . . .        c - +0 robe
rPois   .            r - +0 helmet
rElec   .            (no cloak)
rCorr   .            (gloves unavailable)
SInv    .            (no boots)
Will    .....        (no amulet)
Stlth   +            (no ring)
HPRegen 0.28/turn    (no ring)
MPRegen 0.14/turn

%: no passive effects
@: sanguine armoured, heavily drained
A: claws 3, demonic guardian 1, foul stench 1, sanguine armour 1
a: Renounce Religion, Potion Petition, Call Merchant, Bribe Branch


You were on level 6 of the Dungeon.
You worshipped Gozag.
Gozag was aware of your devotion.
You visited 2 branches of the dungeon, and saw 8 of its levels.

You collected 331 gold pieces.
You paid 82 gold pieces to Gozag.

Inventory:

Hand Weapons
 a - a +1 dagger of venom (weapon)
 b - a +1 sling
 g - a +1 dagger of pain
 j - a +3 spear
 m - a +0 dagger of draining
 x - a +0 long sword
 y - the +8 long sword "Iggidaeq" {protect, Fly}
   (You found it on level 6 of the Dungeon)

   Fly:       It grants you flight.
Missiles
 d - 6 poisoned darts (quivered)
Armour
 c - a +0 robe (worn)
 r - a +0 helmet (worn)
 t - a +0 ring mail
Wands
 i - a wand of paralysis (4)
Scrolls
 e - a scroll of poison
 f - a scroll of immolation {unknown}
 h - a scroll of vulnerability {unknown}
 k - 2 scrolls of enchant armour {unknown}
 n - 2 scrolls of blinking {unknown}
 p - 3 scrolls of fear {unknown}
 q - a scroll of fog {unknown}
 s - 4 scrolls of teleportation
 v - a scroll of noise {unknown}
 w - a scroll of enchant weapon {unknown}
Potions
 l - 2 potions of curing
 o - 2 potions of enlightenment
 u - 2 potions of haste {unknown}
 z - a potion of mutation {unknown}


   Skills:
 + Level 4.3 Fighting
 * Level 0.9 Long Blades
 - Level 4.2 Ranged Weapons
 + Level 4.2 Dodging
 + Level 4.1 Spellcasting
 + Level 5.2 Hexes
 + Level 3.9 Fire Magic


You had 13 spell levels left.
You knew the following spells:

 Your Spells              Type           Power      Damage    Failure   Level
a - Jinxbite              Hex            40%        N/A       3%          2

Your spell library contained the following spells:

 Spells                   Type           Power      Damage    Failure   Level
 Sigil of Binding         Hex            20%        N/A       6%          3
 Foxfire                  Conj/Fire      36%        2x1d5     8%          1
 Inner Flame              Hex/Fire       18%        N/A       8%          3
 Ensorcelled Hibernation  Hex/Ice        22%        N/A       9%          2
 Cause Fear               Hex            10%        N/A       19%         4
 Passwall                 Tmut/Erth      2%         N/A       26%         2
 Swiftness                Air            3%         N/A       45%         3
 Dimensional Bullseye     Hex/Tloc       5%         N/A       50%         4
 Plasma Beam              Fire/Air       4%         2x1d14    100%        6
 Starburst                Conj/Fire      4%         6d4       100%        6


Dungeon Overview and Level Annotations

Branches:
Dungeon (7/15)             Temple (1/1) D:5

Altars:
Ashenzari
Cheibriados
Dithmenos
Fedhas
Gozag
Kikubaaqudgha
Makhleb
Okawaru
Sif Muna
Trog
Uskayaw
Vehumet
Wu Jian
Xom
Yredelemnul

Shops:
D:4 :


Innate Abilities, Weirdness & Mutations

You have claws for hands.
A weak demonic guardian rushes to your aid.
You may rarely emit foul miasma when damaged in melee.
When seriously injured, your blood forms armour. (AC +6)


Message History

Press: ? - help, Shift-Dir - straight line, f - wight
Aim: a wight, wielding a +4 mace of freezing and wearing a +0 robe (moderately damaged, chance to affect: 49%)
The wight resists with some effort.
Aiming: Paralyse
Press: ? - help, Shift-Dir - straight line, f/p - wight
Aim: a wight, wielding a +4 mace of freezing and wearing a +0 robe (moderately damaged, chance to affect: 49%)
The wight resists with some effort.
Aiming: Paralyse
Press: ? - help, Shift-Dir - straight line, f/p - wight
Aim: a wight, wielding a +4 mace of freezing and wearing a +0 robe (moderately damaged, chance to affect: 49%)
The wight resists with some effort.
The wight closely misses you.
You hit the wight but do no damage.
The wight is moderately damaged.
You hit the wight but do no damage.
The wight is moderately damaged.
The wight hits you with a +4 mace of freezing.
You feel drained. The wight freezes you.
You hit the wight.
The wight is heavily damaged.
The wight hits you with a +4 mace of freezing.
* * * LOW HITPOINT WARNING * * *
You feel drained.
* * * LOW HITPOINT WARNING * * *
The wight freezes you.
* * * LOW HITPOINT WARNING * * *
You barely miss the wight.
The wight is heavily damaged.
The wight hits you with a +4 mace of freezing.
* * * LOW HITPOINT WARNING * * *
You feel drained.
* * * LOW HITPOINT WARNING * * *
The wight freezes you.
* * * LOW HITPOINT WARNING * * *
You hit the wight.
The wight is severely damaged.
The wight hits you with a +4 mace of freezing.
* * * LOW HITPOINT WARNING * * *
The wight freezes you.
You die...
Your body crumbles into a pile of gold.

### ###.#### #.)@#.> #
##### #.#z#.##[#
#...##########.#)#....#
#.#.#..........#....#
#.#.#.#############.#
#.#...# # #.#####
#.####### #.....[.#


You could see a wight.

Vanquished Creatures
  A hornet (D:5)
  2 black bears (D:5)
  An ice beast (D:6)
  3 phantoms
  A bullfrog (D:6)
  2 wights (D:6)
  A howler monkey (D:5)
  5 hounds
  2 jellies
  2 orc priests
  A sleepcap (D:4)
  Jessica (D:3)
  2 iguanas (D:6)
  4 adders
  A white imp (D:6)
  2 ufetubi (D:5)
  A worm (D:2)
  3 dart slugs
  10 orcs
  6 ball pythons
  9 endoplasms
  5 giant cockroaches
  7 goblins
  8 hobgoblins
  4 jackals (D:2)
  8 kobolds
  3 quokkas
  5 bats
  2 rats (D:2)
102 creatures vanquished.

Vanquished Creatures (collateral kills)
  An ogre (D:5)
  A phantom (D:5)
2 creatures vanquished.

Grand Total: 104 creatures vanquished

Notes
Turn   | Place    | Note
-------+----------+-------------------------------------------
     0 | D:1      | croobank the Demonspawn Hexslinger began the quest for the
                  | Orb.
     0 | D:1      | Reached XP level 1. HP: 15/15 MP: 2/2
    87 | D:1      | Reached skill level 1 in Fire Magic
   160 | D:1      | Gained mutation: When seriously injured, your blood forms
                  | armour. (AC +6) [demonic ancestry]
   160 | D:1      | Reached XP level 2. HP: 15/21 MP: 3/3
   764 | D:2      | Gained mutation: You have sharp fingernails. [demonic
                  | ancestry]
   764 | D:2      | Reached XP level 3. HP: 16/26 MP: 5/5
  1756 | D:3      | Gained mutation: You have very sharp fingernails. [demonic
                  | ancestry]
  1756 | D:3      | Reached XP level 4. HP: 33/33 MP: 6/6
  1897 | D:3      | Noticed Jessica
  1905 | D:3      | Killed Jessica
  2346 | D:3      | Gained mutation: You have claws for hands. [demonic
                  | ancestry]
  2346 | D:3      | Reached XP level 5. HP: 38/38 MP: 8/8
  2527 | D:4      | Found Qilymm's Vocational Training.
  2577 | D:4      | Learned a level 2 spell: Jinxbite
  2689 | D:4      | Noticed a phantom
  2708 | D:4      | Killed a phantom
  2709 | D:4      | Gained mutation: You may rarely emit foul miasma when
                  | damaged in melee. [demonic ancestry]
  2709 | D:4      | Reached XP level 6. HP: 27/46 MP: 6/9
  2801 | D:4      | Reached skill level 4 in Hexes
  3356 | D:5      | Entered Level 5 of the Dungeon
  3370 | D:5      | You fall into a shaft and drop 2 floors!
  3684 | D:6      | Noticed an ice beast
  3695 | D:6      | Killed an ice beast
  3696 | D:6      | Gained mutation: A weak demonic guardian rushes to your
                  | aid. [demonic ancestry]
  3696 | D:6      | Reached XP level 7. HP: 10/52 MP: 11/11
  4065 | D:5      | Found a staircase to the Ecumenical Temple.
  4103 | Temple   | Entered the Ecumenical Temple
  4133 | Temple   | Became a worshipper of Gozag Ym Sagoz the Greedy
  4269 | D:5      | Found a broken altar of Ashenzari.
  4887 | D:5      | Reached XP level 8. HP: 24/60 MP: 13/13
  5048 | D:5      | Noticed a hornet
  5062 | D:5      | Killed a hornet
  5063 | D:5      | Reached skill level 5 in Hexes
  5724 | D:6      | Identified the +8 long sword "Iggidaeq" {protect, Fly}
  6138 | D:6      | HP: 1/53 [wight/+4 mace of freezing (6)]
  6138 | D:6      | Slain by a wight

Illustrated notes

Levels and vault maps discovered:
D:1:      reono_arrival_forest_river, layout_basic, minmay_indecisive_spiral
D:2:      layout_basic, chequers_big_river
D:3:      layout_basic, kennysheep_generic_room_3, uniq_jessica
D:4:      layout_loops_ring, nicolae_shop_vocational
D:5:      layout_loops_corners, nicolae_ashenzari_panopticon, temple_fountains
D:6:      layout_basic, serial_shops, nicolae_shop_waterfront,
          kennysheep_crisscross
D:7:      layout_cave_pools, mainiacjoe_overflow_big_doors, enter_bailey_3,
          nicolae_alphabet_shops, dreamdust_gnoll_farm
Temple:   bh_familiar_temple

Skill      XL: |  1  2  3  4  5  6  7  8 |
---------------+-------------------------+-----
Fire Magic     | 1 2 3 |  3.9
Ranged Weapons | 2 3 4 |  4.2
Dodging        | 2 3 4 |  4.2
Fighting       | 2 3 4 |  4.3
Spellcasting   | 2 3 4 |  4.1
Hexes          | 4 5 |  5.2
Long Blades    | |  0.9

Action                     |  1- 3 |  4- 6 |  7- 9 || total
---------------------------+-------+-------+-------++-------
  Melee: Dagger            |    11 |    53 |   198 ||   262
         Punch             |       |       |     3 ||     3
   Fire: Sling             |   140 |   137 |       ||   277
   Cast: Jinxbite          |       |     4 |       ||     4
  Evoke: Wand              |       |       |     9 ||     9
    Use: Potion            |       |     2 |     3 ||     5
         Scroll            |       |       |     4 ||     4
   Stab: Sleeping          |       |     1 |     2 ||     3
         Paralysed         |       |       |     6 ||     6
 Armour: Robe              |    43 |    77 |   129 ||   249
  Dodge: Dodged            |    60 |    80 |   146 ||   286

Table legend: (Time is in decaauts)
 A = Elapsed time spent in this place.
 B = Non-inter-level travel time spent in this place.
 C = Inter-level travel time spent in this place.
 D = Time resting spent in this place.
 E = Time spent auto-exploring this place.
 F = Levels seen in this place.
 G = Mean time per level.
                   A        B        C        D        E       F      G
               +--------+--------+--------+--------+--------+-----+--------+
         Total |   6243 |   6088 |    155 |   1373 |   3545 |   8 |  780.4 |
       Dungeon |   6095 |   5998 |     97 |   1285 |   3545 |   7 |  870.7 |
        Temple |    147 |     89 |     58 |     88 |      0 |   1 |  147.0 |
               +--------+--------+--------+--------+--------+-----+--------+

Top non-repeatable levels by time:
     D:5: 1614 daAuts
     D:2: 1087 daAuts
     D:6: 1014 daAuts
     D:4: 847 daAuts
     D:3: 799 daAuts
     D:1: 721 daAuts
  Temple: 147 daAuts
     D:7: 9 daAuts
